 Dungeon Crawl Stone Soup version 0.27-a0-1319-geec4fb4e21 (webtiles) character file.

Game seed: 12889445842820225435

84 dickylongcocking the Skirmisher (level 4, -2/35 HPs)
             Began as a Djinni Fire Elementalist on June 21, 2021.
             Killed from afar by an orc wizard (3 damage)
             ... with a puff of flame
             ... on level 3 of the Dungeon.
             The game lasted 00:01:22 (2161 turns).

dickylongcocking the Skirmisher (DjFE)              Turns: 2161, Time: 00:01:23

Health: -2/35      AC:  2    Str:  7    XL:     4   Next: 72%
Gold:   37         EV: 12    Int: 18    God:
                   SH:  0    Dex: 13

rFire    + + .     SeeInvis .   e - +0 mace
rCold    x . .     Faith    .   (no shield)
rNeg     . . .     Spirit   .   a - +0 robe
rPois    ∞         Reflect  .   (no helmet)
rElec    .         Harm     .   (no cloak)
rCorr    .         Rampage  .   (no gloves)
Will     .....                  (boots unavailable)
Stlth    ++........             (no amulet)
HPRegen  0.11/turn              (no ring)
MPRegen  0.00/turn              (no ring)

@: flying
A: sickness immunity, fire resistance 2, cold vulnerability 1, float, innate
caster, hp casting, extra vitality 1
a: no special abilities


You were on level 3 of the Dungeon.
You visited 1 branch of the dungeon, and saw 3 of its levels.

You collected 37 gold pieces.

Inventory:

Hand Weapons
 e - a +0 mace (weapon)
Armour
 a - a +0 robe (worn)
Jewellery
 c - a +4 ring of protection
Scrolls
 b - a scroll of holy word
 d - 3 scrolls of identify


   Skills:
 * Level 3.3 Fighting
 - Level 2.2 Dodging
 - Level 1.6 Stealth
 * Level 2.8 Spellcasting


You couldn't memorise any spells.
You knew the following spells:

 Your Spells              Type           Power      Damage    Failure   Level
a - Foxfire               Conj/Fire      48%        2x1d6     5%          1
b - Conjure Flame         Conj/Fire      12%        6-21      16%         3
c - Inner Flame           Hex/Fire       12%        N/A       16%         3
d - Sticky Flame          Conj/Fire      12%        2d4       45%         4
e - Fireball              Conj/Fire      6%         3d5       82%         5
f - Animate Skeleton      Necr           24%        N/A       5%          1
Your spell library was empty.

Dungeon Overview and Level Annotations

Branches:
Dungeon (3/15)

Altars:

Annotations:
D:2 Sigmund


Innate Abilities, Weirdness & Mutations

You are immune to sickness and miasma.
You are immune to poison.
Your flesh is very heat resistant. (rF++)
You are vulnerable to cold. (rC-)
You float through the air rather than walking.
You learn spells naturally, not from books.
Your magical power is your life essence.
You have superior vitality. (+4 HP)


Message History

You hit the orc wizard.
The orc wizard is severely wounded.
The foxfire hits the ball python.
You kill the ball python!
The foxfire hits the orc wizard but does no damage.
The orc wizard is severely wounded.
The orc priest begins to cast a cantrip, but forgets the words!
The orc wizard points at you and mumbles some strange words.
You resist with some effort.
The orc priest hits you with a +0 short sword.
The orc wizard casts a spell at you. The magic dart hits you!
You conjure some foxfire!
The orc priest hits you with a +0 short sword.
The orc wizard barely misses you.
A rat comes into view.
Unknown command.
You hit the orc wizard but do no damage.
The orc wizard is severely wounded.
The foxfire hits the orc priest.
The orc priest is lightly wounded.
The foxfire hits the orc priest.
The orc priest is moderately wounded.
The orc priest mumbles some strange prayers to Beogh against you.
Beogh smites you!
* * * LOW HITPOINT WARNING * * *
The orc wizard casts a spell at you. The magic dart hits you!
* * * LOW HITPOINT WARNING * * *
Unknown command.
You aren't carrying any potions.
Unknown command.
Unknown command.
You are too injured to fight recklessly!
Unknown command.
Unknown command.
Unknown command.
The orc wizard casts a spell at you. The puff of flame hits you. You resist.
You die...

.$.... ...... ......
.......# .......##
#######........
..###....o.######'####
..'.r.)).o@'..........
^.###......#####...####
.'.$.................#
..#############..####.
..........# ##.#####..#
##.# #.## .# #..# .#


You could see an orc priest, an orc wizard and a rat.

Vanquished Creatures
  A water moccasin zombie (D:3)
  3 dart slugs (D:1)
  2 orcs (D:3)
  A ball python (D:3)
  3 bats
  A goblin (D:3)
  A hobgoblin (D:3)
  7 jackals (D:1)
  A kobold (D:3)
  A rat (D:1)
21 creatures vanquished.

Vanquished Creatures (others)
  97 foxfires
97 creatures vanquished.

Grand Total: 118 creatures vanquished

Notes
Turn   | Place    | Note
-------+----------+-------------------------------------------
     0 | D:1      | dickylongcocking the Djinni Fire Elementalist began the
                  | quest for the Orb.
     0 | D:1      | Reached XP level 1. HP: 15/15 MP: 0/0
   383 | D:1      | Found a faded altar of an unknown god.
   436 | D:1      | Reached XP level 2. HP: 17/21 MP: 0/0
   971 | D:1      | Reached skill level 1 in Fighting
  1113 | D:1      | Reached XP level 3. HP: 23/27 MP: 0/0
  1113 | D:1      | Learned a level 1 spell: Animate Skeleton
  1456 | D:2      | Noticed Sigmund
  1832 | D:3      | Reached skill level 3 in Fighting
  1832 | D:3      | Reached XP level 4. HP: 18/35 MP: 0/0
  2159 | D:3      | HP: 1/35 [orc wizard/magic dart (9)]
  2161 | D:3      | Killed from afar by an orc wizard

Illustrated notes

Levels and vault maps discovered:
D:1:      eino_arrival_tree_alley, layout_loops_ring,
          hellmonk_ecumenical_altar_zigzags
D:2:      layout_loops_ring, uniq_robin, uniq_sigmund, uniq_terence
D:3:      corexii_shack_village, layout_basic

Skill      XL: |  1  2  3 |
---------------+----------+-----
Fighting       | 1 3 |  3.3
Dodging        | |  2.2
Stealth        | |  1.6
Spellcasting   | |  2.8

Action                   |  1- 3 |  4- 6 || total
-------------------------+-------+-------++-------
Melee: Unarmed           |    11 |       ||    11
       Mace              |     6 |    10 ||    16
 Cast: Foxfire           |    54 |    15 ||    69
  Use: Scroll            |     1 |       ||     1
       Potion            |       |     1 ||     1
 Stab: Sleeping          |     1 |       ||     1
Armor: Robe              |    11 |     4 ||    15
Dodge: Dodged            |    22 |    14 ||    36

Table legend: (Time is in decaauts)
 A = Elapsed time spent in this place.
 B = Non-inter-level travel time spent in this place.
 C = Inter-level travel time spent in this place.
 D = Time resting spent in this place.
 E = Time spent auto-exploring this place.
 F = Levels seen in this place.
 G = Mean time per level.
                   A        B        C        D        E       F      G
               +--------+--------+--------+--------+--------+-----+--------+
         Total |   2166 |   2093 |     73 |    187 |   1681 |   3 |  722.0 |
       Dungeon |   2166 |   2093 |     73 |    187 |   1681 |   3 |  722.0 |
               +--------+--------+--------+--------+--------+-----+--------+

Top non-repeatable levels by time:
     D:1: 1374 daAuts
     D:3: 678 daAuts
     D:2: 113 daAuts
